 Dungeon Crawl Stone Soup version 0.16-b1 (console) character file.

5876 mauris the Skirmisher (level 10, -5/82 HPs)
             Began as a Vine Stalker Venom Mage on Mar 13, 2015.
             Was a Priest of Trog.
             Killed from afar by an oklob plant (12 damage)
             ... with a splash of acid
             ... on level 1 of the Lair of Beasts.
             The game lasted 00:12:29 (8793 turns).

mauris the Skirmisher (Vine Stalker Venom Mage)     Turns: 8793, Time: 00:12:30

Health: -5/82      AC: -4    Str: 20    XL:     10   Next: 81%
Magic:  0/18       EV: 10    Int: 15    God:    Trog [***...]
Gold:   386        SH:  6    Dex: 14    Spells: 1 memorised, 12 levels left

rFire  . . .     SeeInvis +     h - +2 dagger (drain)
rCold  . . .     Clarity  .     t - +1 chain mail {rPois} {8}
rNeg   . . .     SustAb   .     I - +3 buckler "Chailles" {+Blink rElec}
rPois  +         Gourm    .     E - +2 helmet
rElec  +         Spirit   +     (no cloak)
rCorr  .         Warding  .     D - +0 pair of gloves
rMut   .         Stasis   .     (no boots)
MR     +....                    (no amulet)
Stlth  ..........               r - ring of see invisible
                                J - ring of stealth

@: berserking, corroded equipment, very quick, somewhat resistant to hostile
enchantments, extremely unstealthy
A: fangs 3, regeneration 2, magic shield, antimagic bite, no device heal 3, rot
immunity
a: Burn Spellbooks, Berserk, Trog's Hand, Renounce Religion, Evoke Blink


You were on level 1 of the Lair of Beasts.
You worshipped Trog.
Trog was most pleased with you.
You were not hungry.

You visited 3 branches of the dungeon, and saw 12 of its levels.

You collected 386 gold pieces.

Inventory:

Hand weapons
 h - a +2 dagger of draining (weapon)
Armour
 a - a +0 robe {2}
 t - a +1 chain mail of poison resistance (worn) {8}
 D - a +0 pair of gloves (worn)
 E - a +2 helmet (worn)
 I - the +3 buckler "Chailles" (worn) {+Blink rElec}
   (You found it on level 6 of the Dungeon)

   It insulates you from electricity.
   It lets you blink.
Jewellery
 r - a ring of see invisible (right hand)
 y - an uncursed ring of ice
 F - a +5 ring of strength {unknown}
 J - a ring of stealth (left hand)
Magical devices
 j - a wand of fireball (3) {9}
 m - a wand of digging (7) {24}
 n - a wand of teleportation (2) {@v49}
 K - a wand of fire (11) {15}
 N - a wand of lightning (7) {12}
Scrolls
 e - 3 scrolls of enchant weapon
 f - a scroll of teleportation {@r4}
 o - a scroll of blinking
 A - a scroll of enchant armour
 C - 5 scrolls of identify {@r1}
 G - a scroll of fear
 L - a scroll of silence {unknown}
 M - a scroll of noise {unknown}
 P - a scroll of fog {unknown}
 Q - a scroll of magic mapping {unknown}
 R - a scroll of recharging {unknown}
Potions
 d - 5 potions of agility {unknown}
 g - 2 potions of resistance {unknown}
 l - 4 potions of haste {@q3}
 p - a potion of berserk rage {unknown}
 q - 2 potions of flight
 s - 3 potions of curing {@q1}
 u - a potion of cure mutation {unknown}
 v - 2 potions of restore abilities {unknown}
 w - a potion of heal wounds {unknown}
 x - a potion of magic {unknown}
Books
 b - a Young Poisoner's Handbook

   Spells                             Type                      Level
   a - Sting                          Conjuration/Poison           1
   b - Cure Poison                    Poison                       2
   c - Mephitic Cloud                 Conjuration/Poison/Air       3
   d - Olgreb's Toxic Radiance        Poison                       4
   e - Venom Bolt                     Conjuration/Poison           5
   Trog disapproves of the use of such an item.
 O - a book of Ice

   Spells                             Type                      Level
   a - Ice Form                       Ice/Transmutation            4
   b - Metabolic Englaciation         Hexes/Ice                    5
   c - Ozocubu's Refrigeration        Ice                          6
   d - Bolt of Cold                   Conjuration/Ice              6
   e - Freezing Cloud                 Conjuration/Ice/Air          6
   f - Simulacrum                     Ice/Necromancy               6
   Trog disapproves of the use of such an item.
Comestibles
 c - 8 bread rations
 i - 3 fruits
 k - 6 slices of pizza
 z - 2 beef jerkies
 B - 3 meat rations
 H - a poisonous chunk of flesh


   Skills:
 + Level 7.2 Fighting
 + Level 7.2 Short Blades
 + Level 6.5 Armour
 + Level 6.9 Dodging
 - Level 2.4 Stealth
 - Level 2.1 Spellcasting
 - Level 4.0 Poison Magic


You had 12 spell levels left.
You knew the following spells:

 Your Spells              Type           Power        Failure   Level  Hunger
a - Sting                 Conj/Pois      #...         96%         1    #......


Dungeon Overview and Level Annotations

Branches:
Dungeon (10/15)            Temple (1/1) D:4            Lair (1/8) D:10
    Orc (0/4) D:9

Altars:
Ashenzari
Cheibriados
Dithmenos
Elyvilon
Fedhas
Gozag
Kikubaaqudgha
Makhleb
Nemelex Xobeh
Okawaru
Qazlal
Ru
Sif Muna
Trog
Vehumet
Xom
Yredelemnul
Zin
The Shining One

Shops:
D:7 *   D:8 (

Annotations:
D:7 exclusion: door
D:9 1 exclusion
Lair:1 exclusion: oklob plant


Innate Abilities, Weirdness & Mutations

You have razor-sharp teeth.
You heal very quickly.
When hurt, damage is shared between your health and your magic reserves.
Your bite disrupts and absorbs the magic of your enemies.
Potions and wands cannot restore your health.
You are immune to rotting.


Message History

The oklob plant spits acid at you. The splash of acid hits you!
The acid corrodes your equipment!
The acid burns!
Huge Dmg: -33%(-18hp) hp: 42%(23hp)
The oklob plant spits acid at you. The splash of acid hits you!
* * * LOW HITPOINT WARNING * * *
The acid corrodes your equipment!
The acid burns!
* * * LOW HITPOINT WARNING * * *
Huge Dmg: -34%(-19hp) hp: 8%(4hp) Drink which item? (? for menu, Esc to quit)
Okay, then.
Unknown command.
Enter note: oops Use which ability? (? or * to list)
A red film seems to cover your vision as you go berserk!
You feel yourself moving faster!
You feel mighty!
You feel quite a bit more hungry. The oklob plant spits acid at you.
The splash of acid hits you!
You die...

..............##........
..............##........
..............#........
......................
...........##......).
#####+..#########.## #
#...# ### ####.####.#.##
#.......).....#
#......P@.....#
#.............#
.............# ###
.............####.######
...>...............(.##.
...........>###.###....
...........# ### #####
..........# #P###### #


You could see an oklob plant.

Vanquished Creatures
  Pikel (D:3)
  The ghost of mauris the Chopper, an experienced VSVM of Trog (D:8)
  A gargoyle (D:10)
  A komodo dragon (Lair:1)
  A troll (D:9)
  A wyvern (D:7)
  A hippogriff (D:10)
  Menkaure (D:7)
  A water moccasin (Lair:1)
  A porcupine (Lair:1)
  A black bear (D:5)
  An ice beast (D:9)
  An ogre (D:9)
  2 sky beasts
  A slave (D:3)
  A centaur (D:9)
  A phantom (D:6)
  4 big kobolds
  Blork the orc (D:7)
  5 giant frogs
  7 scorpions
  8 killer bees (D:9)
  4 wights (D:9)
  An electric eel (D:9)
  2 crimson imps
  A gnoll shaman (D:4)
  3 goliath beetles
  2 jellies
  9 orc wizards
  2 quasits
  A centaur skeleton (D:7)
  4 orc priests
  A giant frog skeleton (D:3)
  6 hounds
  3 worker ants
  4 iguanas
  A wandering mushroom (D:9)
  Ijyb (D:3)
  Jessica (D:1)
  A hound zombie (D:6)
  3 hound skeletons
  Terence (D:2)
  Robin (D:4)
  11 adders
  7 gnolls (D:4)
  3 worms (D:2)
  An adder skeleton (D:4)
  3 oozes
  33 orcs
  2 ball pythons
  17 bats
  A bat skeleton (D:6)
  5 giant cockroaches
  22 goblins
  25 hobgoblins
  11 jackals
  4 giant geckos
  A giant gecko zombie (D:6)
  2 giant newts
  12 kobolds
  7 quokkas
  2 quokka skeletons (D:9)
  16 rats
280 creatures vanquished.

Notes
Turn   | Place    | Note
--------------------------------------------------------------
     0 | D:1      | mauris, the Vine Stalker Venom Mage, began the quest for the Orb.
     0 | D:1      | Reached XP level 1. HP: 9/9 MP: 3/3
   261 | D:1      | Reached XP level 2. HP: 14/14 MP: 5/5
   331 | D:1      | Huge Dmg: 3 dmg
   332 | D:1      | Huge Dmg: 6 dmg
   345 | D:1      | Huge Dmg: 2 dmg
   356 | D:1      | Huge Dmg: 2 dmg
   534 | D:1      | Huge Dmg: 3 dmg
   701 | D:1      | Reached skill level 1 in Armour
   709 | D:1      | Huge Dmg: 3 dmg
   764 | D:1      | Reached XP level 3. HP: 14/17 MP: 7/7
   896 | D:2      | Noticed Jessica
   903 | D:1      | Reached skill level 1 in Fighting
   920 | D:1      | Killed Jessica
   920 | D:1      | Reached skill level 1 in Short Blades
   934 | D:2      | Huge Dmg: 4 dmg
  1027 | D:2      | Reached XP level 4. HP: 22/22 MP: 8/8
  1151 | D:2      | Huge Dmg: 4 dmg
  1153 | D:2      | Huge Dmg: 3 dmg
  1212 | D:2      | Noticed Terence
  1226 | D:2      | Killed Terence
  1248 | D:2      | Found a white marble altar of Elyvilon.
  1672 | D:2      | Reached XP level 5. HP: 26/26 MP: 11/11
  1792 | D:3      | Noticed Ijyb
  1816 | D:3      | Killed Ijyb
  2007 | D:3      | Found a glowing golden altar of the Shining One.
  2437 | D:4      | Huge Dmg: 5 dmg
  2455 | D:4      | Gained mutation: You heal very quickly. [vine stalker growth]
  2455 | D:4      | Reached XP level 6. HP: 19/30 MP: 10/12
  2807 | D:4      | Noticed a slave
  2842 | D:4      | Noticed Pikel
  2856 | D:4      | Found a staircase to the Ecumenical Temple.
  2863 | Temple   | Entered the Ecumenical Temple
  3070 | D:4      | Huge Dmg: 10 dmg
  3226 | D:4      | Noticed Robin
  3249 | D:4      | Killed Robin
  3280 | D:4      | Noticed a slave
  3309 | D:3      | Killed a slave
  3319 | D:4      | Noticed a slave
  3326 | D:3      | Huge Dmg: 7 dmg
  3350 | D:3      | Killed Pikel
  3350 | D:3      | Reached XP level 7. HP: 26/37 MP: 14/14
  3350 | D:3      | Gained mutation: You have razor-sharp teeth. [vine stalker growth]
  3350 | D:3      | Reached XP level 8. HP: 29/42 MP: 16/16
  3603 | D:4      | Noticed a freed slave
  3723 | D:5      | Entered Level 5 of the Dungeon
  4064 | D:5      | You fall through a shaft!
  4495 | D:6      | Reached XP level 9. HP: 38/46 MP: 14/18
  4508 | D:6      | Reached skill level 5 in Fighting
  4580 | D:6      | Reached skill level 5 in Dodging
  4749 | D:6      | Got a brightly glowing buckler
  4755 | D:6      | Identified the +3 buckler "Chailles" {+Blink rElec} (You found it on level 6 of the Dungeon)
  4868 | D:7      | Found Chausa's General Store.
  4868 | D:7      | Noticed Menkaure
  4877 | D:7      | Huge Dmg: 10 dmg
  4881 | D:7      | Killed Menkaure
  4881 | D:7      | Reached skill level 5 in Short Blades
  4902 | D:7      | Found a deep blue altar of Sif Muna.
  4995 | D:7      | Found a bloodstained altar of Trog.
  4999 | D:7      | Found a blossoming altar of Fedhas.
  5000 | D:7      | Found an ancient bone altar of Kikubaaqudgha.
  5145 | D:7      | Became a worshipper of Trog the Wrathful
  5498 | D:7      | Noticed Blork the orc
  5505 | D:7      | Killed Blork the orc
  5857 | D:7      | Reached skill level 5 in Armour
  5946 | D:8      | Found Gisch's Weapon Shoppe.
  6156 | D:8      | Found a shattered altar of Ashenzari.
  6210 | D:8      | Acquired Trog's first power
  6239 | D:8      | Noticed mauris' ghost (experienced VSVM)
  6324 | D:8      | Killed mauris' ghost
  6324 | D:8      | Reached skill level 6 in Fighting
  6511 | D:8      | Reached XP level 10. HP: 53/53 MP: 18/18
  6699 | D:9      | Huge Dmg: 13 dmg
  6765 | D:9      | Huge Dmg: 19 dmg
  6829 | D:9      | Acquired Trog's second power
  7000 | D:9      | Huge Dmg: 25 dmg
  7329 | D:9      | Huge Dmg: 26 dmg
  7491 | D:9      | Huge Dmg: 26 dmg
  7726 | D:9      | Found a staircase to the Orcish Mines.
  7760 | D:10     | Entered Level 10 of the Dungeon
  8251 | D:10     | Huge Dmg: 11 dmg
  8255 | D:10     | Huge Dmg: 17 dmg
  8256 | D:10     | Huge Dmg: 5 dmg
  8265 | D:10     | Reached skill level 7 in Fighting
  8270 | D:10     | Huge Dmg: 8 dmg
  8410 | D:10     | Found a staircase to the Lair.
  8438 | Lair:1   | Entered Level 1 of the Lair of Beasts
  8786 | Lair:1   | Noticed an oklob plant
  8791 | Lair:1   | Huge Dmg: 18 dmg
  8792 | Lair:1   | Huge Dmg: 19 dmg
  8792 | Lair:1   | oops
  8793 | Lair:1   | Killed from afar by an oklob plant

Action                   |  1- 3 |  4- 6 |  7- 9 | 10-12 || total
-------------------------+-------+-------+-------+-------++-------
Melee: Unarmed           |    22 |       |       |       ||    22
       Dagger            |    70 |   424 |   522 |   348 ||  1364
 Cast: Sting             |    12 |       |       |       ||    12
Invok: Berserk           |       |       |       |     6 ||     6
  Use: Scroll            |       |       |    11 |     1 ||    12
 Stab: Distracted        |     1 |       |       |       ||     1
       Sleeping          |     1 |       |       |       ||     1
  Eat: Chunk             |     1 |     8 |     6 |     9 ||    24
       Bread ration      |       |       |     1 |       ||     1
       Fruit             |       |       |       |     2 ||     2
       Royal jelly       |       |       |       |     1 ||     1

Vault maps used:
D:1:      dpeg_arrival_yet_another_circle
D:2:      elyvilon_altar_5, uniq_jessica, uniq_terence
D:3:      tso_altar, uniq_iyjb
D:4:      temple_green, first_bread, uniq_pikel, uniq_robin
D:5:      serial_shops, kennysheep_little_box
D:6:      dk_noncrumbling_2, st_stairs_9, minmay_misc_feat_diagonals,
          minmay_unpleasant_kobolds
D:7:      led_sif_book, minitemple, serial_shops, shop, uniq_blork_the_orc,
          uniq_menkaure
D:8:      minmay_klotski, nicolae_overflow_crystal_walls, serial_shops,
          nicolae_shop_behind_doors
D:9:      orc_0_dummy, kennysheep_nondescript, hangedman_tree_tricks,
          minmay_orc_keep
D:10:     lair_0_dummy, uniq_fannar
Temple:   dpeg_five_rooms_temple_12
